 Dungeon Crawl Stone Soup version 0.20.1-1-g8b1a95d (webtiles) character file.

53 pstr the Grave Robber (level 4, -2/30 HPs)
             Began as a Human Necromancer on Dec 14, 2017.
             Slain by Sigmund
             ... wielding a +0 scythe of slicing
              (13 damage)
             ... on level 2 of the Dungeon.
             The game lasted 00:03:28 (1336 turns).

pstr the Grave Robber (Human Necromancer)           Turns: 1336, Time: 00:03:29

Health: -2/30      AC:  2    Str:  8    XL:     4   Next: 10%
Magic:  2/8        EV: 12    Int: 16    God:
Gold:   36         SH:  0    Dex: 14    Spells: 3/8 levels left

rFire    . . .     SeeInvis .   m - +0 short sword
rCold    . . .     Gourm    .   (no shield)
rNeg     . . .     Faith    .   a - +0 robe
rPois    .         Spirit   .   (no helmet)
rElec    .         Reflect  .   (no cloak)
rCorr    .         Harm     .   (no gloves)
MR       .....                  (no boots)
Stlth    ++........             (no amulet)
Regen    0.1/turn               (no ring)
MPRegen  0.2/turn               (no ring)

@: no status effects
A: no striking features
a: no special abilities


You were on level 2 of the Dungeon.
You were not hungry.

You visited 1 branch of the dungeon, and saw 2 of its levels.

You collected 36 gold pieces.

Inventory:

Hand Weapons
 m - a +0 short sword (weapon)
Missiles
 h - 70 stones (quivered)
Armour
 a - a +0 robe (worn)
 q - a +0 leather armour
Jewellery
 o - a cursed -3 ring of protection {unknown}
Scrolls
 d - a scroll of fog {unknown}
 e - 2 scrolls of noise {unknown}
 f - 3 scrolls of identify {unknown}
 g - a scroll of recharging {unknown}
 k - 2 scrolls of remove curse {unknown}
 n - 2 scrolls of teleportation {unknown}
Potions
 i - 2 potions of curing {unknown}
Books
 b - a book of Necromancy

   Spells                             Type                      Level
   a - Pain                           Necromancy                   1
   b - Animate Skeleton               Necromancy                   1
   c - Vampiric Draining              Necromancy                   3
   d - Regeneration                   Charms/Necromancy            3
   e - Animate Dead                   Necromancy                   4
   f - Control Undead                 Necromancy                   4
Comestibles
 c - a bread ration
 p - 8 fruits


   Skills:
 + Level 0.2 Fighting
 + Level 2.0 Dodging
 + Level 2.2 Stealth
 + Level 2.8 Spellcasting
 + Level 4.7 Necromancy


You had 3 spell levels left.
You knew the following spells:

 Your Spells              Type           Power        Failure   Level  Hunger
a - Pain                  Necr           ###.         2%          1    #......
b - Animate Skeleton      Necr           N/A          2%          1    #......
c - Vampiric Draining     Necr           ###.......   9%          3    ###....


Dungeon Overview and Level Annotations

Branches:
Dungeon (2/15)

Altars:

Annotations:
D:2 1 runed door, Sigmund


Message History

Press: ? - help, Shift-Dir - straight line, f/p - Sigmund
Aim: Sigmund, wielding a scythe of slicing and wearing a runed robe (moderately wounded, chance to defeat MR: 82%) Sigmund resists with significant effort.
Sigmund says, "Now you see me, now you don't..."
Sigmund mumbles some strange words.
Sigmund flickers and vanishes!
Deactivating autopickup; reactivate with Ctrl-A.
Casting: Pain
Confirm with . or Enter, or press ? or * to list all spells.
Aiming: Pain
Press: ? - help, Shift-Dir - straight line, f - giant cockroach
Aim: a giant cockroach (clinging, chance to defeat MR: 87%) Nothing appears to happen.
Something hits you.
Casting: Pain
Confirm with . or Enter, or press ? or * to list all spells.
Aiming: Pain
Press: ? - help, Shift-Dir - straight line, f/p - giant cockroach
Aim: a giant cockroach (clinging, chance to defeat MR: 87%) Nothing appears to happen.
Something hits you!
You die...

..####...........##....#.###
..................[....#.#
...........................
......................#.###
............#.##'###+##...
...######.>....#.. ..#.
...## #.#.#..#.# # ....#
#.#.#..#.######. ..#.##
#.#.#..#@.{s....
..#..####.......#####..#
..##.#......#.........#
####.#.#.#..#.........#
##..<..#.#..#.#....####
...................#
.###.....##........# .#
###.#......#...#.#
.#####.#.##.###.#...# .


You could see a giant cockroach.

Vanquished Creatures
  4 adders (D:2)
  A giant cockroach (D:2)
  A hobgoblin (D:1)
  3 kobolds (D:1)
  A bat (D:1)
  4 frilled lizards (D:1)
  4 goblins
  3 rats
21 creatures vanquished.

Notes
Turn   | Place    | Note
-------+----------+-------------------------------------------
     0 | D:1      | pstr the Human Necromancer began the quest for the Orb.
     0 | D:1      | Reached XP level 1. HP: 13/13 MP: 3/3
   347 | D:1      | Reached XP level 2. HP: 15/19 MP: 0/5
   350 | D:1      | Learned a level 1 spell: Animate Skeleton
   759 | D:2      | Reached XP level 3. HP: 18/24 MP: 0/6
  1056 | D:2      | Learned a level 3 spell: Vampiric Draining
  1193 | D:2      | Found a runed door.
  1233 | D:2      | Reached XP level 4. HP: 5/30 MP: 0/8
  1330 | D:2      | Noticed Sigmund
  1336 | D:2      | Slain by Sigmund

Action                   |  1- 3 |  4- 6 || total
-------------------------+-------+-------++-------
Melee: Short sword       |     9 |       ||     9
 Cast: Pain              |    33 |     7 ||    40
       Animate Skeleton  |     3 |       ||     3
       Vampiric Draining |     3 |       ||     3
  Use: Potion            |       |     1 ||     1
  Eat: Chunk             |     1 |     1 ||     2
Armor: Robe              |     4 |       ||     4
Dodge: Dodged            |    15 |       ||    15
